[Event "14th Margaryan Memorial-GM 2024"]
[Site "Yerevan"]
[Date "2024.01.10"]
[Round "3.3"]
[White "Ohanyan, Emin"]
[Black "Shuvalova, Polina"]
[Result "1/2-1/2"]
[ECO "C49"]
[WhiteElo "2456"]
[BlackElo "2475"]
[Annotator "TA"]
[PlyCount "75"]
[EventDate "2024.01.08"]
[EventType "tourn"]
[EventCountry "ARM"]
[SourceTitle "playchess.com"]
[Source "ChessBase"]
[SourceQuality "1"]
[TimeControl "40/5400+30:1800+30"]

1. e4 e5 2. Nf3 Nc6 3. Nc3 Nf6 4. Bb5 Bb4 5. O-O O-O 6. d3 Bxc3 7. bxc3 d6 8. Bg5 Ne7 {[%emt 0:01:21] Recently 8...h6 got a lot of attention.} 9. Bxf6 gxf6 10. d4 Ng6 {[%emt 0:01:03] C49: Four Knights: 4 Bb5 Bb4.} 11. Bd3 Kh8 {[%emt 0:04:24] [#]} 12. Kh1 $146 (12. Qd2 {with more complications.} Nf4 13. g3 Rg8 14. Qe3) ({Predecessor:} 12. Qd2 Rg8 13. Kh1 b6 14. Bc4 Be6 15. Bxe6 fxe6 16. Rae1 Qe8 17. Ng1 Qa4 18. Nh3 Qxa2 {½-½ Inarkiev,E (2692)-Sadhwani,R (2448) Moscow Aeroflot op-A 18th 2019 (4)}) 12... Bg4 13. h3 Bd7 14. Kh2 c6 15. g3 Qa5 16. c4 Rae8 17. Re1 ({Better is} 17. d5 $14) 17... Rg8 18. Bf1 Bc8 19. Re3 c5 20. c3 Re7 21. h4 exd4 22. cxd4 Rge8 23. h5 Nf8 24. Nh4 {[%emt 0:04:06] d5 is the strong threat.} cxd4 (24... Rxe4 $2 25. Rxe4 Rxe4 26. Qf3 $18) 25. Qxd4 Qxh5 26. Qxf6+ Kg8 27. Qxd6 Rxe4 28. Rxe4 Rxe4 29. Rd1 Be6 {[%emt 0:01:30] Dodges Rd5} (29... Qe5 {is interesting.} 30. Qd8 Be6 31. Bd3 Re1) 30. Rb1 b6 {[%emt 0:09:20] [#]} ({Don't play} 30... Bxc4 31. Bxc4 Rxc4 32. Rxb7 $16) (30... Ng6 $11 31. Rb5 Qh6) 31. Rb5 $1 $16 Qh6 32. Qd8 {[%emt 0:03:09] Prevents Qf6. And now Rg5+ would win.} f6 {[%emt 0:04:33] Wards off Rg5+} 33. c5 ({White should play} 33. Rb3 $16) 33... Rxh4+ $11 {[%emt 0:02:23] The position is equal.} (33... Bxa2 $2 34. c6 (34. cxb6 axb6 35. Qa8 Rxh4+ 36. gxh4 Qxh4+ 37. Kg1 Bf7 $16) 34... Be6 35. c7 $18) 34. gxh4 Qxh4+ 35. Kg1 {[%emt 0:00:15] [#] Threatens to win with c6.} Qg5+ 36. Bg2 Qc1+ 37. Kh2 Qf4+ 38. Kg1 {[%emt 0:00:05] Weighted Error Value: White=0.17 (very precise) /Black=0.13 (very precise)} 1/2-1/2

[Event "14th Margaryan Memorial-GM 2024"]
[Site "Yerevan"]
[Date "2024.01.10"]
[Round "3.4"]
[White "Sorensen, Hampus"]
[Black "Davtyan, Arsen"]
[Result "1/2-1/2"]
[ECO "C54"]
[WhiteElo "2458"]
[BlackElo "2392"]
[Annotator "TA"]
[PlyCount "134"]
[EventDate "2024.01.08"]
[EventType "tourn"]
[EventCountry "ARM"]
[SourceTitle "playchess.com"]
[Source "ChessBase"]
[SourceQuality "1"]
[TimeControl "40/5400+30:1800+30"]

1. e4 e5 2. Nf3 Nc6 3. Bc4 Bc5 4. d3 Nf6 5. O-O d6 6. c3 a5 {[%emt 0:00:31] is the new trend. C54: Giuoco Piano: 4 c3 Nf6, main lines with 5 d4 and 5 d3.} 7. Re1 O-O 8. h3 Ba7 9. Bb3 h6 10. d4 Re8 11. Bc2 exd4 12. cxd4 Nb4 13. Nc3 Nxc2 14. Qxc2 c6 15. a3 Be6 16. Be3 Qd7 17. Nd2 b5 {[%emt 0:10:39] [#]} 18. Ne2 $146 ({Predecessor:} 18. b4 a4 19. Rac1 Rac8 20. Ne2 Bb6 21. Ng3 Qa7 22. Nf3 Bb3 23. Qb1 Qd7 24. Nd2 {1-0 Horvath,A (2458)-Priasmoro,N (2521) Budapest Vezerkepzo GM-B 03 2023 (7)}) 18... a4 19. Rac1 Rac8 20. Qd1 Bb3 21. Nxb3 axb3 22. f3 d5 $1 23. e5 Rxe5 $1 24. dxe5 Bxe3+ 25. Kh1 Bxc1 26. Qxc1 (26. Nxc1 $5 Nh5 27. Qd2 $11) 26... Nh7 27. Nd4 Ng5 28. Nxb3 Ne6 (28... Nxf3 29. e6 fxe6 30. gxf3 $16) (28... Qa7 $5 ) 29. f4 c5 30. f5 Ng5 31. f6 Ne4 {[%emt 0:01:11] [#] aiming for ...Nf2+.} 32. fxg7 Rc6 33. Qf4 {[%emt 0:00:19] Wards off Nf2+} Rg6 34. Kh2 Kxg7 (34... Qc7 {feels hotter.} 35. Rf1 Re6 36. Kg1 Kxg7 37. Nc1 Qe7) 35. Rc1 {[%emt 0:01:20] Really sharp!} Qe7 36. Rd1 $1 Qe6 37. Rc1 $1 Qb6 38. Rd1 Qb7 39. e6 fxe6 ({Better is} 39... Rf6 $15 40. Qe5 fxe6) 40. Nxc5 $1 $11 {[%emt 0:00:00][%mdl 64] [#] Remove Defender, Decoy. The position is equal.} Nxc5 41. Qd4+ Kh7 42. Qxc5 {[%emt 0:00:09][%mdl 4096] Endgame KQR-KQR. Active counter play!} d4 43. Rd2 (43. Rxd4 $2 Qxg2#) 43... Qe4 {[%emt 0:00:43] ( -> ...Qf4+)} 44. Rf2 {[%emt 0:00:33] Prevents Qf4+} d3 45. Qd6 e5 46. Rf7+ Rg7 47. Rf3 Qg6 48. Qxg6+ (48. Qxd3 $2 {too greedy.} e4 49. Qf1 exf3 $19) 48... Kxg6 49. Rxd3 {[%emt 0:00:10] Hoping for Rg3+. KR-KR} Kf5 50. Rb3 Kf4 51. Kg1 Rc7 52. g3+ Ke4 53. Kf2 Rc2+ 54. Ke1 Rh2 55. h4 Kd4 56. Rxb5 e4 57. Rb8 h5 58. a4 e3 59. Rd8+ Ke4 60. Re8+ Kd3 (60... Kf3 $5 61. Rf8+ $8 Kxg3 $11) 61. Rd8+ Ke4 $1 62. b4 Rh1+ 63. Ke2 {[%emt 0:00:01] Threatens to win with Re8+.} Rh2+ 64. Kd1 Rh1+ 65. Ke2 {[%emt 0:00:05] And now Re8+ would win.} Rh2+ 66. Kd1 Rh1+ 67. Ke2 {[%emt 0:01:32] Re8+ is the strong threat.} Ke5 $2 {[%emt 0:02:03][%mdl 40960] Weighted Error Value: White=0.05 (flawless) /Black=0.04 (flawless) . An unexpected result.} (67... Rh2+ $11 68. Kf1 Rh1+ 69. Kg2 Rb1 70. Re8+ Kd3 71. Rd8+ (71. Kf3 $2 Rf1+ 72. Kg2 e2 $19) 71... Ke4 72. Re8+ Kd3 73. Rd8+ (73. Kf3 $2 Rf1+ 74. Kg2 e2 $19) 73... Ke4) 1/2-1/2

[Event "14th Margaryan Memorial-GM 2024"]
[Site "Yerevan"]
[Date "2024.01.10"]
[Round "3.5"]
[White "Grebnev, Aleksey"]
[Black "Ivanov, Sergey"]
[Result "1/2-1/2"]
[ECO "D32"]
[WhiteElo "2535"]
[BlackElo "2462"]
[Annotator "TA"]
[PlyCount "97"]
[EventDate "2024.01.08"]
[EventType "tourn"]
[EventCountry "ARM"]
[SourceTitle "playchess.com"]
[Source "ChessBase"]
[SourceQuality "1"]
[TimeControl "40/5400+30:1800+30"]

1. Nf3 Nf6 2. c4 e6 3. Nc3 d5 4. e3 c5 5. cxd5 exd5 6. d4 Nc6 7. Bb5 cxd4 {[%emt 0:00:32] now supersedes 7...Bd6.} 8. Nxd4 Bd7 9. O-O Bd6 {[%emt 0:00:14] D32: Tarrasch Defence: Sidelines and lines without g3.} 10. Nf3 Bg4 11. h3 (11. Nxd5 $2 Nxd5 12. h3 Bxf3 13. Qxf3 O-O $19) 11... Bh5 12. b3 (12. Nxd5 $2 Nxd5 13. e4 (13. Qxd5 $2 Bh2+ {[%mdl 64] Discovered Attack} 14. Nxh2 Qxd5 $19) (13. g4 $2 Bg6 $19) 13... Nde7 $19) 12... O-O 13. Bb2 (13. Nxd5 $2 Nxd5 14. Bb2 Re8 $19) 13... Rc8 14. Rc1 {[%emt 0:04:53] [#]} (14. Nxd5 $2 Nxd5 15. Rc1 (15. Qxd5 $2 Bh2+ {[%mdl 64] Discovered Attack} 16. Nxh2 Qxd5 $19) (15. g4 $2 Bg6 $19) 15... Re8 $19) 14... Re8 $146 ({Predecessor:} 14... Bb8 15. Be2 a6 16. Nd4 Nxd4 17. exd4 Qd6 18. g3 Bg6 19. Bf3 Ne4 20. Bg2 h5 21. Nxe4 dxe4 22. Rxc8 Rxc8 {0-1 Galchenko,M (2440)-Shuvalova,P (2492) Chigorin Memorial 29th 2022 (7)}) 15. Ne2 (15. Nxd5 $2 {perishes.} Nxd5 16. Qe2 (16. Qxd5 $2 Bh2+ {[%mdl 64] Discovered Attack} 17. Kxh2 Qxd5 $19) (16. g4 $2 Bg6 $19) 16... Nf4 $19) 15... Bxf3 16. gxf3 Qd7 17. Kg2 Qf5 (17... Be5 $11 18. Bxe5 Rxe5) 18. f4 $1 $14 a6 19. Bd3 Qe6 20. Ng3 {[%emt 0:01:51] [#] Black must now prevent Bf5.} g6 {[%emt 0:01:04] Repels Bf5} 21. Qf3 {[%emt 0:11:03] f5 is the strong threat.} (21. Be2 $5) 21... Ne4 22. Rfd1 {[%emt 0:00:09] Against Nd2. And now Nxe4 would win.} Nxg3 23. Qxg3 Qe7 24. Be2 {[%emt 0:06:18] White is more active. This pair of bishops is nice.} ({Better is} 24. h4 $16) 24... Ba3 $11 25. Bxa3 Qxa3 26. Bf3 Qxa2 27. Bxd5 Qb2 (27... Ne7 $1 $11 28. Qf3 (28. Bxb7 $2 {too greedy.} Rxc1 29. Rxc1 Nf5 $19 {[%mdl 64] Deflection}) 28... Rxc1 29. Rxc1 Qa3) 28. Qf3 Kg7 29. Rc5 Qf6 30. Rdc1 Rc7 31. e4 ({Of course not} 31. Bxc6 $6 Rec8 $11) (31. b4 $16) 31... Nd4 $1 32. e5 Qf5 33. Qg4 (33. Qe3 $11 {remains equal.} Rxc5 34. Rxc5) 33... Rxc5 (33... Rd7 $17 {aiming for ...Red8.} 34. Qxf5 gxf5) 34. Qxf5 {[%emt 0:00:41] The position is equal.} gxf5 35. Rxc5 Ne6 36. Bxe6 Rxe6 {[%emt 0:00:02][%mdl 4096] Endgame KR-KR} 37. Rc4 a5 38. Rc5 Rb6 39. Rxa5 Rxb3 40. Rd5 Rb4 41. Kg3 Rb3+ 42. f3 h6 43. Rd6 b5 44. Rf6 b4 45. Rb6 Rb1 46. Rb7 Kg6 47. Rb6+ Kg7 48. Rb7 Kg6 49. Rb6+ {[%emt 0:00:08] Weighted Error Value: White=0.11 (very precise) /Black=0.11 (very precise)} 1/2-1/2

[Event "14th Margaryan Memorial-GM 2024"]
[Site "Yerevan"]
[Date "2024.01.11"]
[Round "4.1"]
[White "Babujian, Levon"]
[Black "Ivanov, Sergey"]
[Result "0-1"]
[ECO "D38"]
[WhiteElo "2346"]
[BlackElo "2462"]
[Annotator "TA"]
[PlyCount "120"]
[EventDate "2024.01.08"]
[EventType "tourn"]
[EventCountry "ARM"]
[SourceTitle "playchess.com"]
[Source "ChessBase"]
[SourceQuality "1"]
[TimeControl "40/5400+30:1800+30"]

1. d4 Nf6 2. c4 e6 3. Nc3 Bb4 4. Nf3 d5 5. cxd5 exd5 6. Bg5 h6 7. Bh4 O-O {[%emt 0:00:30] D38: Queen's Gambit Declined: Ragozin Defence (4 Nf3 Bb4).} 8. e3 Bf5 9. Qb3 Bxc3+ {[%emt 0:00:30] The position is equal.} 10. bxc3 Nbd7 11. Qxb7 Rb8 12. Qxa7 Qe7 {[%emt 0:00:30] Against Qa3} 13. Be2 (13. Qxc7 $2 Qa3 $19) 13... Rb2 {[%emt 0:00:30] [#]} 14. Qxc7 $146 (14. Ne5 $11) ({Predecessor:} 14. Bd1 g5 15. Bg3 Bd3 16. Qxc7 Ng4 17. Ne5 Ngxe5 18. Bxe5 Qe6 19. g4 Nxe5 20. dxe5 Qa6 21. Qc5 Be4 22. a4 Rc8 {0-1 Wilson,N (2255)-Laduke,M (2186) FICGS W-ch st1 gN 01 email 2022 (1)}) 14... Qe4 15. Rd1 (15. O-O $17 Rxe2 16. a4) 15... g5 (15... Qc2 16. Rd2 Rb1+ 17. Rd1 (17. Bd1 $2 Qc1 $19)) 16. Bg3 (16. Bd3 Qxd3 17. Rxd3 Bxd3 $19) 16... Rfb8 $40 {[%emt 0:00:00][%mdl 128] Black wants a kill.} (16... Qc2 17. Rd2 Rb1+ 18. Bd1 $17) (16... Ra8 $19 17. a4 (17. Bd3 $2 Qxd3 18. Rxd3 Bxd3 $19) 17... Rxe2+ {[%mdl 64] Decoy} 18. Kxe2 Qc2+ 19. Rd2 Qxa4) 17. Nd2 (17. Bd3 $2 Qxd3 18. Rxd3 Bxd3 $19) 17... Qxg2 18. Bf3 Qh3 {[%emt 0:00:00] The board is on fire. Black is much more active. The white rooks are badly placed.} 19. Rg1 $2 ({White should play} 19. Qa5 $1 $15 R8b6 20. c4 (20. Bxd5 Nxd5 21. Qxd5 Ra6 $17)) 19... Bg4 (19... Bc2 $19 {has better winning chances.} 20. Rc1 Ra8) 20. Bxg4 (20. Bg2 $17 {only move.} Qh5 21. f3) 20... Qxg4 $19 21. f3 Qe6 {[%emt 0:00:00][%mdl 1024] Black has strong compensation.} 22. Be5 $2 (22. Bf2 $17 {is the only way for White.}) 22... Ne8 (22... Rxa2 23. c4 dxc4 24. Qxc4 Nxe5 25. Qxe6 (25. dxe5 $2 Rxd2 26. Qxe6 Rxd1+ 27. Kxd1 fxe6 $19) 25... Nxf3+ 26. Nxf3 $17) (22... Qa6 $2 23. Bxf6 (23. c4 $2 Rc8 $19) 23... Nxf6 24. Qf4 $19 (24. c4 $2 Re8 $19 {[%mdl 64] Deflection})) 23. Qa7 R8b7 (23... Nxe5 $2 24. dxe5 Qh3 25. Rf1 Qxh2 26. Rf2 $19) 24. Qa4 f6 (24... Nxe5 25. dxe5 Qxe5 26. Qd4 Qxh2 27. Rf1 $19) 25. h4 fxe5 26. hxg5 h5 {[%emt 0:00:00] Threatens to win with ...Nd6.} 27. g6 exd4 28. Qxd4 Rxa2 29. Rg5 Ndf6 30. Kf2 $2 (30. Re5 Qa6 31. Kf2) 30... Rbb2 31. Kg1 Qb6 $2 (31... Nd6 {...Nf5 is the strong threat.} 32. Qe5 Qxe5 33. Rxe5 Rxd2 34. Rxd2 Rxd2) 32. Rxd5 Qxd4 $1 33. Rxd4 Kg7 34. e4 Nc7 $1 35. e5 $2 (35. Rd6) 35... Nfd5 36. Nf1 Nxc3 (36... Kxg6 $2 37. c4 Nc3 38. Rd6+ Kf5 39. R1d2 $19) 37. Rd7+ Kxg6 (37... Kh6 $2 38. R1d6 $19) 38. R1d6+ {[%emt 0:00:29] [#]} Kg5 $1 (38... Kf5 39. Rxc7 Ne2+ 40. Kh2 $15 (40. Kh1 $2 Rb1 $19)) 39. Rg7+ (39. Rd2 $142 Ne6 40. Rxb2 Rxb2 41. Rd2) 39... Kf4 40. Rxc7 Ne2+ {[%emt 0:00:00] Black mates.} ({Stronger than} 40... Kxe5 41. Rdd7 $11) 41. Kg2 Ng3+ (41... Kxe5 42. Rdd7 $11) 42. Nd2 Rxd2+ 43. Rxd2 Rxd2+ {[%emt 0:00:11] KRN-KR} 44. Kh3 Nf5 ({Weaker is} 44... Kxf3 45. Rf7+ Ke4 46. Kxg3 $11) 45. e6 Rd3 46. Rc4+ Kg5 47. Re4 Rxf3+ 48. Kg2 {[%emt 0:00:04] [#]} Re3 $1 ({Worse is} 48... Rg3+ 49. Kf2 $15) 49. Ra4 Rxe6 50. Rb4 Re3 51. Ra4 Rb3 52. Ra5 h4 53. Kh2 Rd3 54. Ra4 Nd4 55. Ra8 Nf3+ 56. Kg2 Kg4 57. Rg8+ Ng5 58. Kh2 Rd2+ 59. Kh1 Kf4 60. Ra8 Ke5 {[%emt 0:11:35] Weighted Error Value: White=0.86/Black=0.39} 0-1

[Event "14th Margaryan Memorial-GM 2024"]
[Site "Yerevan"]
[Date "2024.01.11"]
[Round "4.3"]
[White "Shuvalova, Polina"]
[Black "Sorensen, Hampus"]
[Result "1-0"]
[ECO "C54"]
[WhiteElo "2475"]
[BlackElo "2458"]
[Annotator "TA"]
[PlyCount "97"]
[EventDate "2024.01.08"]
[EventType "tourn"]
[EventCountry "ARM"]
[SourceTitle "playchess.com"]
[Source "ChessBase"]
[SourceQuality "1"]
[TimeControl "40/5400+30:1800+30"]

1. e4 e5 2. Nf3 Nc6 3. Bc4 Bc5 4. O-O Nf6 5. d3 d6 6. c3 a5 {[%emt 0:00:29] is the new trend. C54: Giuoco Piano: 4 c3 Nf6, main lines with 5 d4 and 5 d3.} 7. h3 O-O 8. Re1 h6 {[%emt 0:00:26] The position is equal.} 9. Nbd2 Be6 10. Bb5 Ba7 11. Nf1 Ne7 12. d4 exd4 13. Nxd4 Bd7 14. Bd3 {[%emt 0:01:49] [#]} Nc6 $146 ({Predecessor:} 14... Ng6 15. Ng3 Re8 16. a4 c6 17. Bd2 d5 18. exd5 Rxe1+ 19. Qxe1 Nxd5 20. Be4 Bxd4 21. cxd4 {½-½ Tsydypov,Z (2550)-Esipenko,A (2694) Wch Rapid Almaty 2022 (6)}) 15. Bc2 Re8 16. Bf4 d5 17. e5 {[%emt 0:06:03] Black must now prevent Nxc6.} (17. Nb5 $5 Bb6 18. exd5 Rxe1 19. Qxe1 Nxd5 20. Bg3 $11) 17... Ne4 18. f3 Ng5 19. Kh2 Nxd4 20. cxd4 Ne6 (20... c5 $11) 21. Be3 $14 Qh4 22. g3 Qe7 23. Qd3 {[%emt 0:05:26] Qh7+ would kill now.} g6 24. Rad1 Qb4 25. a3 $2 (25. Qc3 $11) 25... Qb5 (25... Qxb2 $17 {[%cal Oe6d4] Threatens to win with ...Nxd4!} 26. Rb1 Qa2) 26. Qc3 Rac8 27. b4 ({But not} 27. Bxh6 c5 28. Bb1 Nxd4 $15) 27... axb4 28. axb4 Qc6 (28... Ra8 $11 {keeps the balance.}) 29. Qb2 $1 $16 {[%emt 0:02:46] White leaves nothing to chance now.} Ra8 30. g4 Bb6 {[%emt 0:02:14] [#]} (30... Qc4 $16 31. Nd2 Qc6) 31. Bd3 $1 $18 Bc8 {[%emt 0:07:39] [#]} (31... Ng5 {might work better.}) 32. Ng3 $1 Ng5 33. Kg2 Qd7 $2 (33... Rf8 34. f4 Ne4 35. Bxe4 (35. Rc1 Qe8 $18) 35... dxe4) 34. f4 {[%emt 0:03:24] Active counter play!} Nxh3 35. Be2 h5 36. Kxh3 hxg4+ 37. Kg2 f5 38. Rh1 Kg7 39. Bd3 {[%emt 0:08:04][%cal Od3f5] Strongly threatening Bxf5!} Qe7 $2 (39... Qf7 40. Ne2 Bd7) 40. Bf2 c6 (40... Qf7 $142 41. Ne2 c6) 41. Ne2 Bd8 42. Rh4 {[%emt 0:01:44] Rdh1 is the strong threat.} Rh8 $2 (42... Qf7 {is a better defense.} 43. Rh2 Rh8 44. Rxh8 Kxh8 45. Rh1+ Kg7) 43. Rdh1 Rxh4 44. Bxh4 Qf8 45. Bxd8 Qxd8 46. b5 Qa5 (46... Qe7 {was worth a try.} 47. bxc6 bxc6) 47. Qc1 {[%emt 0:03:00] Hoping for Qg1.} Qa3 48. Qe3 {[%emt 0:00:30] And now Qg3 would win.} Bd7 (48... Be6 $18 49. bxc6 bxc6) 49. e6 {[%emt 0:00:54] Weighted Error Value: White=0.34/Black=0.63} 1-0

[Event "14th Margaryan Memorial-GM 2024"]
[Site "Yerevan"]
[Date "2024.01.11"]
[Round "4.4"]
[White "Movahed, Sina"]
[Black "Ohanyan, Emin"]
[Result "1-0"]
[ECO "B45"]
[WhiteElo "2450"]
[BlackElo "2456"]
[Annotator "RC"]
[PlyCount "107"]
[EventDate "2024.01.08"]
[EventType "tourn"]
[EventCountry "ARM"]
[SourceTitle "playchess.com"]
[Source "ChessBase"]
[SourceQuality "1"]
[TimeControl "40/5400+30:1800+30"]

1. e4 c5 2. Nf3 e6 3. d4 cxd4 4. Nxd4 Nf6 5. Nc3 Nc6 6. Nxc6 bxc6 7. e5 Nd5 8. Ne4 Qc7 9. f4 Qb6 10. c4 Ne3 11. Qd3 Bb4+ 12. Bd2 Ba6 13. b3 O-O 14. Nc3 Nd5 15. O-O-O Qa5 16. Kb2 f6 17. Qg3 Nxc3 18. Bxc3 Qa3+ 19. Kb1 Bxc3 20. Qxc3 Bc8 21. Bd3 a5 22. Rhf1 a4 23. Qb2 axb3 24. axb3 Qb4 25. Bc2 Ra5 26. Rf3 fxe5 27. fxe5 Rxf3 28. gxf3 Ra7 29. f4 g6 30. h4 Ba6 31. h5 Rb7 32. hxg6 hxg6 33. Qd4 Kf8 34. Qe3 Ke8 35. Kc1 Kd8 36. Qd4 Kc8 37. Rh1 Qf8 38. Kd1 Kb8 39. Rh2 c5 40. Qd2 Ka7 41. Be4 d5 42. cxd5 Rb4 43. Qe3 exd5 44. Bxd5 Rxf4 45. Kc1 Kb6 46. Kb2 Bb5 47. Rd2 g5 48. Be4 Bc6 49. Bxc6 Kxc6 50. Rd6+ Kb7 51. Qxc5 Rf2+ 52. Kc3 Qf3+ 53. Kb4 Qe4+ 54. Ka3 1-0

[Event "14th Margaryan Memorial-GM 2024"]
[Site "Yerevan"]
[Date "2024.01.11"]
[Round "4.5"]
[White "Shahinyan, David"]
[Black "Agasarov, Benik"]
[Result "1/2-1/2"]
[ECO "C44"]
[WhiteElo "2436"]
[BlackElo "2340"]
[Annotator "RC"]
[PlyCount "73"]
[EventDate "2024.01.08"]
[EventType "tourn"]
[EventCountry "ARM"]
[SourceTitle "playchess.com"]
[Source "ChessBase"]
[SourceQuality "1"]
[TimeControl "40/5400+30:1800+30"]

1. e4 e5 2. Nf3 Nf6 3. d3 Nc6 4. Be2 d5 5. Nbd2 Bd6 6. O-O O-O 7. c3 h6 8. Re1 Re8 9. Bf1 a5 10. Qc2 Be6 11. b3 Bc5 12. h3 d4 13. Bb2 dxc3 14. Bxc3 Qd6 15. Rad1 Nd7 16. Nc4 Bxc4 17. dxc4 Nd4 18. Nxd4 exd4 19. Bb2 Ne5 20. Qc1 a4 21. f4 Nc6 22. e5 Qd7 23. Qb1 axb3 24. axb3 Nb4 25. Kh1 Ra2 26. Rd2 Rd8 27. Red1 g6 28. Bd3 Nxd3 29. Qxa2 Nxf4 30. Rxd4 Bxd4 31. Rxd4 Qxd4 32. Bxd4 Rxd4 33. Qa8+ Kg7 34. Qxb7 c5 35. Qb5 Ne6 36. Kg1 Rd2 37. Kf1 1/2-1/2

[Event "14th Margaryan Memorial-GM 2024"]
[Site "Yerevan"]
[Date "2024.01.12"]
[Round "5.1"]
[White "Agasarov, Benik"]
[Black "Babujian, Levon"]
[Result "1-0"]
[ECO "C89"]
[WhiteElo "2340"]
[BlackElo "2346"]
[Annotator "RC"]
[PlyCount "105"]
[EventDate "2024.01.08"]
[EventType "tourn"]
[EventCountry "ARM"]
[SourceTitle "playchess.com"]
[Source "ChessBase"]
[SourceQuality "1"]
[TimeControl "40/5400+30:1800+30"]

1. e4 e5 2. Nf3 Nc6 3. Bb5 a6 4. Ba4 Nf6 5. O-O Be7 6. d3 b5 7. Bb3 O-O 8. c3 d5 9. Nbd2 Bb7 10. Re1 dxe4 11. dxe4 Bc5 12. h3 Qe7 13. Nf1 Rad8 14. Qe2 Na5 15. Bc2 Nc4 16. Ng3 Qe6 17. a4 Rfe8 18. Nf5 Qc6 19. axb5 axb5 20. Bg5 Nxb2 21. Bxf6 Qxf6 22. Reb1 Nc4 23. Rxb5 Qc6 24. Rxb7 Qxb7 25. Qxc4 Qb2 26. Rf1 Qxc2 27. Qxc5 Qxe4 28. Ne7+ Kh8 29. Nxe5 Qf4 30. Qxc7 Qf6 31. N7c6 Rc8 32. Qxf7 Rxe5 33. Qxf6 gxf6 34. Nxe5 fxe5 35. Re1 Rc5 36. Re4 Kg7 37. c4 Kf6 38. f4 exf4 39. Rxf4+ Kg5 40. Rd4 Rf5 41. Rd5 Rxd5 42. cxd5 Kf5 43. Kf2 Ke5 44. Kg3 Kxd5 45. Kg4 Ke6 46. Kg5 Kf7 47. Kh6 Kg8 48. g3 Kh8 49. g4 Kg8 50. h4 Kh8 51. g5 Kg8 52. h5 Kh8 53. g6 1-0

[Event "14th Margaryan Memorial-GM 2024"]
[Site "Yerevan"]
[Date "2024.01.12"]
[Round "5.2"]
[White "Ohanyan, Emin"]
[Black "Shahinyan, David"]
[Result "1-0"]
[ECO "C10"]
[WhiteElo "2456"]
[BlackElo "2436"]
[Annotator "RC"]
[PlyCount "41"]
[EventDate "2024.01.08"]
[EventType "tourn"]
[EventCountry "ARM"]
[SourceTitle "playchess.com"]
[Source "ChessBase"]
[SourceQuality "1"]
[TimeControl "40/5400+30:1800+30"]

1. e4 e6 2. d4 d5 3. Nc3 Nf6 4. Bg5 dxe4 5. Nxe4 Nbd7 6. Nf3 Be7 7. Nxf6+ Nxf6 8. Bd3 c5 9. dxc5 Qa5+ 10. c3 Qxc5 11. Qe2 Bd7 12. Ne5 Bd6 13. f4 Nd5 14. Nxd7 Kxd7 15. f5 exf5 16. O-O-O Kc7 17. Qf3 Rae8 18. Bc2 Re5 19. Bb3 h6 20. Rxd5 Rxd5 21. Be3 1-0

[Event "14th Margaryan Memorial-GM 2024"]
[Site "Yerevan"]
[Date "2024.01.12"]
[Round "5.3"]
[White "Sorensen, Hampus"]
[Black "Movahed, Sina"]
[Result "1/2-1/2"]
[ECO "B53"]
[WhiteElo "2458"]
[BlackElo "2450"]
[Annotator "RC"]
[PlyCount "304"]
[EventDate "2024.01.08"]
[EventType "tourn"]
[EventCountry "ARM"]
[SourceTitle "playchess.com"]
[Source "ChessBase"]
[SourceQuality "1"]
[TimeControl "40/5400+30:1800+30"]

1. e4 c5 2. Nf3 d6 3. d4 cxd4 4. Qxd4 Nc6 5. Bb5 Bd7 6. Qd3 Nf6 7. c4 a6 8. Bxc6 Bxc6 9. Nc3 e6 10. O-O Be7 11. Nd4 Rc8 12. h3 O-O 13. Be3 Nd7 14. Rac1 Qa5 15. b3 Rfe8 16. Rfd1 Bf8 17. Qb1 Qh5 18. Nce2 Nf6 19. Nxc6 Qxe2 20. Nd4 Qh5 21. Nf3 b5 22. Bf4 bxc4 23. bxc4 e5 24. Be3 Qg6 25. Nd2 Rc6 26. Qd3 Rec8 27. Rb1 Nd7 28. Rb7 Qe6 29. Rdb1 Qe8 30. Ra7 R8c7 31. Rxc7 Rxc7 32. c5 Qc8 33. cxd6 Rc6 34. Nb3 Rxd6 35. Qe2 h6 36. Rc1 Qa8 37. Rc4 Qb7 38. Qc2 Kh7 39. Nd2 Be7 40. Rc7 Qb8 41. Qc4 Qe8 42. Ra7 Bg5 43. Bxg5 hxg5 44. Nf1 Qe6 45. Qxe6 fxe6 46. Rc7 Nf6 47. f3 Nh5 48. g3 Rd3 49. Kf2 Nf6 50. Rc2 Ne8 51. Rd2 Rc3 52. Ne3 Rc5 53. Ke2 Nf6 54. g4 Kg6 55. Nd1 Kf7 56. Nf2 Rb5 57. Rc2 Ke7 58. Nd3 Kd6 59. Kd2 Ra5 60. Nb2 Rb5 61. a4 Rb4 62. Kc3 Rd4 63. Nc4+ Ke7 64. Rb2 Rd7 65. Nxe5 Rc7+ 66. Kd4 Nd7 67. Nd3 Kd6 68. e5+ Ke7 69. a5 Kf7 70. Rb1 Ke7 71. Rb2 Kf7 72. Rb4 Ke7 73. Rc4 Rb7 74. Rc6 Rb5 75. Rc7 Rd5+ 76. Ke4 Rxa5 77. Ra7 Ke8 78. Ra8+ Kf7 79. Ra7 Ke7 80. f4 gxf4 81. Kxf4 Rd5 82. Ke4 g5 83. Ra8 Kf7 84. Ra7 a5 85. Ra8 a4 86. Ra7 Ke8 87. Ra8+ Ke7 88. Nb4 Rxe5+ 89. Kd4 Re1 90. Rxa4 e5+ 91. Kc3 Re3+ 92. Kd2 Rxh3 93. Ra5 Rb3 94. Nd5+ Kd6 95. Ne3 Nb6 96. Ra7 Kc5 97. Rg7 Kd4 98. Nf5+ Ke4 99. Rxg5 Kf4 100. Rg8 Nd5 101. Rf8 Kxg4 102. Nd6 Rb2+ 103. Kc1 Rb4 104. Kc2 e4 105. Nxe4 Rxe4 106. Kd3 Re7 107. Kc4 Nf4 108. Ra8 Kf5 109. Ra1 Re4+ 110. Kc5 Ke5 111. Rh1 Ne6+ 112. Kb5 Rd4 113. Rh5+ Kd6 114. Rh6 Rf4 115. Rh1 Nc7+ 116. Ka5 Nd5 117. Rc1 Rf2 118. Ka4 Rb2 119. Ka3 Rb8 120. Rh1 Kc5 121. Rh4 Ne3 122. Ka2 Nc4 123. Rh3 Rb2+ 124. Ka1 Kb4 125. Rh8 Rg2 126. Kb1 Kc3 127. Rh3+ Kd2 128. Rh8 Rg3 129. Rd8+ Kc3 130. Rc8 Rg1+ 131. Ka2 Rg7 132. Ra8 Rf7 133. Kb1 Rg7 134. Ka2 Rb7 135. Ka1 Kc2 136. Ka2 Kd2 137. Rh8 Rb2+ 138. Ka1 Kc3 139. Rh3+ Kb4 140. Rh8 Rc2 141. Kb1 Na3+ 142. Ka1 Nb5 143. Kb1 Kb3 144. Rb8 Rc5 145. Rb6 Kc3 146. Rh6 Nd4 147. Rh3+ Kd2 148. Rh8 Kc3 149. Rh3+ Kc4 150. Kc1 Ra5 151. Rh8 Ra2 152. Kd1 Kc3 1/2-1/2

[Event "14th Margaryan Memorial-GM 2024"]
[Site "Yerevan"]
[Date "2024.01.12"]
[Round "5.5"]
[White "Ivanov, Sergey"]
[Black "Davtyan, Arsen"]
[Result "0-1"]
[ECO "E51"]
[WhiteElo "2462"]
[BlackElo "2392"]
[Annotator "RC"]
[PlyCount "90"]
[EventDate "2024.01.08"]
[EventType "tourn"]
[EventCountry "ARM"]
[SourceTitle "playchess.com"]
[Source "ChessBase"]
[SourceQuality "1"]
[TimeControl "40/5400+30:1800+30"]

1. d4 Nf6 2. c4 e6 3. Nf3 d5 4. Nc3 Bb4 5. e3 O-O 6. Bd2 b6 7. cxd5 exd5 8. Rc1 Bb7 9. Bd3 Re8 10. O-O Bf8 11. Ne5 c5 12. f4 Nc6 13. Ne2 Rc8 14. Be1 Qd6 15. Bh4 a6 16. Ng3 cxd4 17. Nf5 Qe6 18. Rxc6 Bxc6 19. Nxd4 Qd6 20. Bxf6 Qxf6 21. Bxa6 Ra8 22. Qd3 b5 23. Bxb5 Bxb5 24. Qxb5 Qa6 25. Qd7 Qa7 26. Qxd5 Qxa2 27. b3 Qa7 28. h3 Rad8 29. Qc4 Rc8 30. Qd5 Rcd8 31. Qf3 Qc5 32. b4 Qc3 33. b5 f6 34. Ng4 h5 35. Qc6 Rxe3 36. Qxc3 Rxc3 37. Nc6 Rd5 38. Nf2 Rxb5 39. Nd4 Rd5 40. Nf3 Rc2 41. Ne4 Ba3 42. Kh2 Bc1 43. Kg3 Rc4 44. Ng1 Rd3+ 45. Rf3 Rd1 0-1